 Dungeon Crawl Stone Soup version 0.29.0-4-gdea44cf6ec (webtiles) character file.

Game seed: 6518737225606847038

75240 qw the Severer (level 15, 0/147 HPs)
             Began as a Minotaur Berserker on Sept 6, 2022.
             Was an Elder of Trog.
             Slain by a harpy (shapeshifter) (3 damage)
             ... on level 14 of the Dungeon.
             The game lasted 00:07:47 (23538 turns).

qw the Severer (Minotaur Berserker)                Turns: 23538, Time: 00:07:48

Health: 0/147      AC: 20    Str: 29    XL:     15   Next: 9%
Magic:  0/14       EV: 16    Int:  4    God:    Trog [****..]
Gold:   1151       SH: 14    Dex: 10    Spells: 14/14 levels left

rFire   + . .      SeeInvis .   Y - +1 broad axe
rCold   . . .      Faith    .   j - +1 kite shield {AC+3}
rNeg    . . .      Spirit   +   c - +5 scale mail of the End {+Blink rPois}
rPois   +          Reflect  .   (helmet restricted)
rElec   .          Harm     .   e - +0 cloak
rCorr   .          Rampage  .   (no gloves)
Will    +....                   p - +1 pair of boots
Stlth   ..........              o - amulet of guardian spirit
HPRegen 0.34/turn               q - ring of protection from fire
MPRegen 0.14/turn               m - +4 ring of evasion

@: about to teleport, on berserk cooldown, slowed, very slow
A: horns 2, retaliatory headbutt
a: Renounce Religion, Evoke Blink, Berserk, Trog's Hand, Brothers in Arms


You were on level 14 of the Dungeon.
You worshipped Trog.
Trog was greatly pleased with you.
You visited 2 branches of the dungeon, and saw 19 of its levels.

You collected 1417 gold pieces.
You spent 266 gold pieces at shops.


Innate Abilities, Weirdness & Mutations

You have a pair of horns on your head.
You reflexively headbutt those who attack you in melee.


   Skills:
 + Level 17.0 Fighting
 - Level 18.0 Axes
 - Level 4.4 Throwing
 - Level 10.0 Armour
 - Level 8.4 Dodging
 - Level 16.0 Shields


You had 14 spell levels left.
You didn't know any spells.
Your spell library was empty.

Inventory:

Hand Weapons
 i - a +0 morningstar
 Y - a +1 broad axe (weapon)
Missiles
 h - 5 boomerangs (quivered)
Armour
 c - the +5 scale mail of the End (worn) {+Blink rPois}
   (You took it off an orc on level 5 of the Dungeon)

   rPois:     It protects you from poison.
   +Blink:    It lets you blink.
 e - a +0 cloak (worn)
 j - a +1 kite shield of protection (worn)
 p - a +1 pair of boots (worn)
 s - a +0 plate armour
Jewellery
 f - a +6 ring of dexterity
 m - a +4 ring of evasion (right hand)
 o - an amulet of guardian spirit (around neck)
 q - a ring of protection from fire (left hand)
Scrolls
 a - 6 scrolls of teleportation
 l - 8 scrolls of identify
Potions
 b - 9 potions of curing
 g - a potion of haste
 k - 4 potions of resistance
 r - a potion of might
 w - 3 potions of mutation

Dungeon Overview and Level Annotations

Branches:
Dungeon (14/15)            Temple (0/1) D:6            Lair (5/5) D:11
  Swamp (0/4) Lair:3        Snake (0/4) Lair:3        Slime (0/5) Lair:5
    Orc (0/2) D:12         Vaults (0/5) D:13

Altars:
Ashenzari
Cheibriados
Hepliaklqana
Kikubaaqudgha
Qazlal
Ru
Vehumet
Xom
Jiyva

Shops:
D:1 [   D:8 (   D:9 (   D:10 =

Annotations:
D:5 1 runed translucent door, Crazy Yiuf
D:8 2 transporters, qw's ghost, journeyman FoCA
Lair:1 3 runed translucent doors, qw's ghost, journeyman TrCA
Lair:3 2 transporters, qw's ghost, journeyman TrCA


Message History

A slime creature comes into view.
You barely miss the slime creature.
The slime creature quivers.
You headbutt the slime creature!
The slime creature is severely wounded.
Your surroundings suddenly seem different. 3 boggarts come into view.
Found a triangular malachite amulet.
You feel your willpower return.
The boggart shouts! x2; You hear a shout!
A boggart comes into view. x2
Enter note:
23533 ||| READING 8 scrolls of teleportation.
As you read the scroll of teleportation, it crumbles to dust.
You feel strangely unstable.
The boggart shouts!
The boggart gestures wildly while chanting. x2
The boggart flickers and vanishes!
Deactivating autopickup; reactivate with Ctrl-A.
23534 ||| SWAPPING to +1 broad axe.
Y - a +1 broad axe (weapon)
You hear some strange, mumbled words.
The boggart gestures wildly while chanting.
The boggart blinks!
You hit the orc wizard.
The orc wizard is moderately wounded.
Your surroundings suddenly seem different.
Found a stone staircase leading down.
Enter note:
Found 11 gold pieces.
You block the harpy's attack. The harpy claws you but does no damage.
23537 ||| READING 7 scrolls of teleportation.
As you read the scroll of teleportation, it crumbles to dust.
You feel strangely unstable. The harpy barely misses you.
You furiously retaliate!
You headbutt the harpy! You block the harpy's attack.
You slash the harpy!
The harpy is severely wounded.
The harpy claws you but does no damage. The harpy claws you. x2
You die...

#.)..H....
##..########.........
.....................
#.....^....D........
###...........########
..............##
................
................
#...@H......
#...........
#...........
#...........
.............
$........>....
.#######.......
.......


You could see a five-headed hydra and a harpy.

Vanquished Creatures
  Jorgrun (D:12)
  Snorg (D:10)
  A fire dragon (D:14)
  Erolcha (D:11)
  4 hydras
  A death knight (D:14)
  3 boulder beetles
  A catoblepas (Lair:5)
  3 centaur warriors
  6 two-headed ogres
  14 death yaks
  A deep troll shaman (Lair:5)
  A tengu warrior (D:14)
  A vampire mage (D:11)
  6 skeletal warriors
  4 deep trolls (D:10)
  Lodul (D:14)
  A lindwurm (Lair:5)
  2 phantasmal warriors (D:14)
  A necromancer (D:12)
  3 ugly things
  2 deep elf pyromancers (D:12)
  A cyclops (D:12)
  2 manticores (D:12)
  9 elephants
  A black mamba (Lair:3)
  4 cane toads
  A gargoyle (D:12)
  3 rime drakes
  2 komodo dragons
  Maggie (D:7)
  4 unseen horrors
  A freezing wraith (D:14)
  A yaktaur (shapeshifter) (D:13)
  3 meliai (Lair:4)
  A polar bear (Lair:5)
  A queen bee (Lair:4)
  A wind drake (shapeshifter) (D:13)
  8 trolls
  9 slime creatures (D:12)
  14 blink frogs
  17 dream sheep
  3 shadows
  A wraith (D:12)
  6 wyverns
  Grum (D:10)
  6 basilisks
  35 yaks
  3 vampire mosquitoes
  2 death yak simulacra (Lair:3)
  Menkaure (D:7)
  A steam dragon (D:9)
  3 nagas (Lair:3)
  3 acid dragons
  17 water moccasins
  6 orc warriors
  A swamp drake (D:12)
  5 black bears
  8 ogres
  4 centaurs
  28 wolves
  A kobold brigand (D:7)
  9 bullfrogs
  5 scorpions
  2 necrophages
  A cane toad simulacrum (Lair:3)
  3 gnoll sergeants
  7 wights
  An elephant simulacrum (Lair:3)
  21 killer bees (Lair:4)
  A troll skeleton (D:14)
  An electric eel (Lair:3)
  6 howler monkeys
  5 spriggan skeletons (D:14)
  3 hounds
  7 jellies
  8 orc priests
  Ijyb (D:5)
  An iguana (D:6)
  11 orc wizards
  Natasha (thrice) (D:3)
  Robin (D:3)
  19 gnolls
  10 adders
  A shadow imp (D:7)
  4 white imps
  An ufetubus (D:3)
  3 worms
  53 orcs
  15 ball pythons
  6 endoplasms
  6 giant cockroaches
  16 goblins
  5 hobgoblins
  7 quokkas
  7 bats
  4 frilled lizards
  11 kobolds
  3 rats
546 creatures vanquished.

Vanquished Creatures (collateral kills)
  A boulder beetle (D:12)
  3 death yaks (Lair:5)
  A phantasmal warrior (D:13)
  2 blink frogs (Lair:5)
  An electric eel (Lair:3)
8 creatures vanquished.

Vanquished Creatures (others)
  An orc (D:12)
  19 fungi
  30 plants
50 creatures vanquished.

Grand Total: 604 creatures vanquished

Notes
Turn   | Place    | Note
-------+----------+-------------------------------------------
     0 | D:1      | qw the Minotaur Berserker began the quest for the Orb.
     0 | D:1      | Reached XP level 1. HP: 19/19 MP: 0/0
     0 | D:1      | 0 ||| qw: Version: 0.1-a-107-g9ff403c
     0 | D:1      | 0 ||| qw: Game counter: 6165
     0 | D:1      | 0 ||| qw: Always use a shield: true
     0 | D:1      | 0 ||| qw: Do Orc after D:15 true
     0 | D:1      | 0 ||| qw: Do second Lair branch before Depths: true
     0 | D:1      | 0 ||| qw: Lair rune preference: random
     0 | D:1      | 0 ||| qw: Plans: Normal
     0 | D:1      | 0 ||| PLANNING D:1-11
    53 | D:1      | Found a faded altar of an unknown god.
    83 | D:1      | Reached skill level 4 in Axes
   190 | D:1      | Reached XP level 2. HP: 26/26 MP: 1/1
   594 | D:1      | 594 ||| DROPPING +0 club.
   834 | D:1      | Reached skill level 5 in Axes
  1023 | D:1      | Found Dyura's Antique Armour Emporium.
  1038 | D:1      | 1038 ||| SHOPLISTING jasper-encrusted scale mail (216 gold,
                  | have 27).
  1038 | D:1      | 1038 ||| SHOPLISTING pair of boots (108 gold, have 27).
  1038 | D:1      | 1038 ||| UPGRADING to +0 cloak.
  1043 | D:1      | 1043 ||| UPGRADING to +0 chain mail.
  1053 | D:1      | 1053 ||| DROPPING +0 animal skin.
  1054 | D:1      | 1054 ||| READING 2 scrolls labelled XUM EG QUU.
  1059 | D:1      | 1059 ||| READING scroll labelled FAEKIKHL RAKKUD.
  1081 | D:2      | Reached XP level 3. HP: 31/31 MP: 2/2
  1093 | D:2      | Reached ** piety under Trog
  1178 | D:2      | 1178 ||| INVOKING Berserk.
  1573 | D:2      | 1573 ||| INVOKING Berserk.
  1722 | D:2      | 1722 ||| READING scroll labelled CISIWI YDD.
  1723 | D:2      | 1723 ||| READING scroll labelled NOXUET AHUCZIRYH.
  1833 | D:3      | Noticed Natasha
  1834 | D:3      | 1834 ||| Stepping ~*~*~tactically~*~*~ (stealth).
  1836 | D:3      | 1836 ||| Stepping ~*~*~tactically~*~*~ (hiding).
  1839 | D:3      | 1839 ||| INVOKING Berserk.
  1845 | D:3      | Killed Natasha
  1846 | D:3      | Reached skill level 1 in Throwing
  1846 | D:3      | Reached XP level 4. HP: 39/39 MP: 3/3
  1998 | D:3      | Reached skill level 6 in Axes
  2129 | D:3      | 2129 ||| Stepping ~*~*~tactically~*~*~ (stealth).
  2132 | D:3      | 2132 ||| Stepping ~*~*~tactically~*~*~ (stealth).
  2238 | D:3      | Noticed Robin
  2242 | D:3      | 2242 ||| INVOKING Berserk.
  2245 | D:3      | Killed Robin
  2255 | D:3      | Reached XP level 5. HP: 45/45 MP: 4/4
  2423 | D:3      | 2423 ||| Stepping ~*~*~tactically~*~*~ (hiding).
  2425 | D:3      | 2425 ||| INVOKING Berserk.
  2432 | D:3      | Reached skill level 7 in Axes
  2492 | D:3      | Noticed Natasha
  2495 | D:3      | 2495 ||| INVOKING Berserk.
  2496 | D:3      | Killed Natasha
  2603 | D:3      | 2603 ||| DROPPING +0 whip.
  2713 | D:3      | Noticed Natasha
  2715 | D:3      | 2715 ||| INVOKING Berserk.
  2721 | D:3      | Killed Natasha
  2950 | D:3      | 2950 ||| READING 2 scrolls of identify.
  2950 | D:3      | 2950 ||| IDENTIFYING coppery potion
  2951 | D:3      | 2951 ||| DROPPING potion of attraction.
  2956 | D:4      | 2956 ||| PLANNING SEWER
  2975 | D:4      | Reached skill level 8 in Axes
  2975 | D:4      | Reached XP level 6. HP: 35/52 MP: 5/5
  2975 | D:4      | 2975 ||| FLEEEEING.
  2976 | D:4      | 2976 ||| FLEEEEING.
  2977 | D:4      | 2977 ||| STAIRDANCE
  3118 | D:4      | 3118 ||| INVOKING Berserk.
  3327 | D:4      | Found an ancient bone altar of Kikubaaqudgha.
  3364 | D:4      | 3364 ||| INVOKING Berserk.
  3366 | D:4      | Reached skill level 9 in Axes
  3366 | D:4      | Reached XP level 7. HP: 59/59 MP: 6/6
  3400 | D:4      | 3400 ||| Stepping ~*~*~tactically~*~*~ (stealth).
  3406 | D:4      | 3406 ||| Stepping ~*~*~tactically~*~*~ (stealth).
  3409 | D:4      | 3409 ||| Stepping ~*~*~tactically~*~*~ (stealth).
  3410 | D:4      | 3410 ||| Stepping ~*~*~tactically~*~*~ (stealth).
  3546 | D:4      | 3546 ||| INVOKING Berserk.
  3550 | D:4      | Reached skill level 3 in Armour
  3551 | D:4      | 3551 ||| RIP SEWER
  3554 | D:4      | 3554 ||| PLANNING D:1-11
  3805 | D:4      | 3805 ||| Stepping ~*~*~tactically~*~*~ (water).
  3825 | D:4      | 3825 ||| Stepping ~*~*~tactically~*~*~ (stealth).
  3836 | D:4      | Reached *** piety under Trog
  4069 | D:4      | 4069 ||| UPGRADING to +0 pair of boots.
  4074 | D:4      | 4074 ||| READING scroll labelled KOYCOS JIWUL.
  4075 | D:4      | 4075 ||| READING scroll labelled XAPEUNERYGO.
  4076 | D:4      | 4076 ||| READING scroll labelled ZIFOIZ CUTTA.
  4077 | D:4      | 4077 ||| READING 6 scrolls of teleportation.
  4091 | D:5      | Entered Level 5 of the Dungeon
  4101 | D:5      | 4101 ||| Stepping ~*~*~tactically~*~*~ (hiding).
  4203 | D:5      | 4203 ||| INVOKING Berserk.
  4646 | D:5      | Identified the +5 scale mail of the End {+Blink rPois}
  4647 | D:5      | 4647 ||| Stepping ~*~*~tactically~*~*~ (stealth).
  4649 | D:5      | 4649 ||| Stepping ~*~*~tactically~*~*~ (stealth).
  4652 | D:5      | 4652 ||| Stepping ~*~*~tactically~*~*~ (hiding).
  4664 | D:5      | Reached skill level 10 in Axes
  4699 | D:5      | Noticed Ijyb
  4700 | D:5      | 4700 ||| Stepping ~*~*~tactically~*~*~ (hiding).
  4701 | D:5      | 4701 ||| Stepping ~*~*~tactically~*~*~ (hiding).
  4702 | D:5      | 4702 ||| Stepping ~*~*~tactically~*~*~ (hiding).
  4703 | D:5      | 4703 ||| Stepping ~*~*~tactically~*~*~ (hiding).
  4706 | D:5      | 4706 ||| INVOKING Berserk.
  4710 | D:5      | Killed Ijyb
  4714 | D:5      | 4714 ||| Stepping ~*~*~tactically~*~*~ (hiding).
  4731 | D:5      | 4731 ||| Stepping ~*~*~tactically~*~*~ (stealth).
  4732 | D:5      | 4732 ||| Stepping ~*~*~tactically~*~*~ (stealth).
  4746 | D:5      | Reached XP level 8. HP: 40/68 MP: 7/7
  4759 | D:5      | 4759 ||| Stepping ~*~*~tactically~*~*~ (stealth).
  4760 | D:5      | 4760 ||| Stepping ~*~*~tactically~*~*~ (stealth).
  4761 | D:5      | 4761 ||| Stepping ~*~*~tactically~*~*~ (stealth).
  4762 | D:5      | 4762 ||| Stepping ~*~*~tactically~*~*~ (stealth).
  4763 | D:5      | 4763 ||| INVOKING Berserk.
  4907 | D:5      | 4907 ||| SWAPPING to +0 war axe.
  4949 | D:5      | 4949 ||| DROPPING +1 hand axe.
  5001 | D:5      | Found a runed translucent door.
  5002 | D:5      | Noticed Crazy Yiuf
  5246 | D:5      | 5246 ||| UPGRADING to +5 scale mail of the End {+Blink
                  | rPois}.
  5256 | D:5      | 5256 ||| DROPPING +0 chain mail.
  5329 | D:6      | Noticed a troll
  5331 | D:6      | 5331 ||| INVOKING Berserk.
  5335 | D:6      | Killed a troll
  5336 | D:6      | Reached skill level 6 in Fighting
  5578 | D:6      | 5578 ||| Stepping ~*~*~tactically~*~*~ (hiding).
  5620 | D:6      | Reached skill level 11 in Axes
  5702 | D:6      | Found a radiant altar of Vehumet.
  5750 | D:6      | Found a staircase to the Ecumenical Temple.
  5751 | D:6      | 5751 ||| INVOKING Berserk.
  5976 | D:6      | Found a snail-covered altar of Cheibriados.
  5988 | D:6      | Found a sacrificial altar of Ru.
  6107 | D:6      | 6107 ||| Stepping ~*~*~tactically~*~*~ (stealth).
  6109 | D:6      | 6109 ||| Stepping ~*~*~tactically~*~*~ (stealth).
  6185 | D:6      | Reached **** piety under Trog
  6294 | D:6      | 6294 ||| UPGRADING to ring of resist corrosion.
  6295 | D:6      | 6295 ||| READING 2 scrolls labelled BUMIJEA SETE.
  6296 | D:6      | 6296 ||| DROPPING scroll of amnesia.
  6348 | D:7      | 6348 ||| Stepping ~*~*~tactically~*~*~ (stealth).
  6379 | D:7      | 6379 ||| DROPPING +0 flail.
  6388 | D:7      | 6388 ||| Stepping ~*~*~tactically~*~*~ (stealth).
  6390 | D:7      | 6390 ||| Stepping ~*~*~tactically~*~*~ (stealth).
  6392 | D:7      | 6392 ||| Stepping ~*~*~tactically~*~*~ (stealth).
  6398 | D:7      | 6398 ||| Stepping ~*~*~tactically~*~*~ (stealth).
  6399 | D:7      | 6399 ||| FLEEEEING.
  6402 | D:7      | 6402 ||| Stepping ~*~*~tactically~*~*~ (stealth).
  6405 | D:7      | 6405 ||| FLEEEEING.
  6406 | D:7      | 6406 ||| FLEEEEING.
  6407 | D:7      | 6407 ||| FLEEEEING.
  6408 | D:7      | 6408 ||| FLEEEEING.
  6409 | D:7      | 6409 ||| FLEEEEING.
  6410 | D:7      | 6410 ||| FLEEEEING.
  6411 | D:7      | 6411 ||| FLEEEEING.
  6413 | D:7      | 6413 ||| FLEEEEING.
  6414 | D:7      | 6414 ||| FLEEEEING.
  6415 | D:7      | 6415 ||| FLEEEEING.
  6416 | D:7      | 6416 ||| FLEEEEING.
  6417 | D:7      | 6417 ||| FLEEEEING.
  6418 | D:7      | 6418 ||| FLEEEEING.
  6419 | D:7      | 6419 ||| FLEEEEING.
  6420 | D:7      | 6420 ||| FLEEEEING.
  6421 | D:7      | 6421 ||| FLEEEEING.
  6424 | D:7      | 6424 ||| FLEEEEING.
  6513 | D:7      | Noticed Menkaure
  6514 | D:7      | 6514 ||| Stepping ~*~*~tactically~*~*~ (hiding).
  6517 | D:7      | 6517 ||| Stepping ~*~*~tactically~*~*~ (hiding).
  6518 | D:7      | 6518 ||| Stepping ~*~*~tactically~*~*~ (hiding).
  6519 | D:7      | 6519 ||| Stepping ~*~*~tactically~*~*~ (hiding).
  6527 | D:7      | 6527 ||| INVOKING Berserk.
  6529 | D:7      | Killed Menkaure
  6530 | D:7      | Reached skill level 12 in Axes
  6734 | D:7      | Noticed Maggie
  6735 | D:7      | 6735 ||| Stepping ~*~*~tactically~*~*~ (hiding).
  6749 | D:7      | Killed Maggie
  6750 | D:7      | Reached XP level 9. HP: 68/81 MP: 8/8
  6963 | D:7      | 6963 ||| Stepping ~*~*~tactically~*~*~ (stealth).
  6964 | D:7      | 6964 ||| Stepping ~*~*~tactically~*~*~ (stealth).
  7059 | D:7      | 7059 ||| Stepping ~*~*~tactically~*~*~ (stealth).
  7232 | D:7      | 7232 ||| UPGRADING to +4 ring of evasion.
  7233 | D:7      | 7233 ||| DRINKING 2 inky potions.
  7303 | D:8      | Found Ilahiurph's Weapon Emporium.
  7308 | D:8      | 7308 ||| BUYING +0 broad axe (52 gold).
  7308 | D:8      | Bought a +0 broad axe for 52 gold pieces
  7308 | D:8      | 7308 ||| SHOPLISTING +4 morningstar (338 gold, have 234).
  7308 | D:8      | 7308 ||| SWAPPING to +0 broad axe.
  7309 | D:8      | 7309 ||| DROPPING +0 war axe.
  7413 | D:8      | Found a broken altar of Ashenzari.
  7478 | D:8      | 7478 ||| Stepping ~*~*~tactically~*~*~ (stealth).
  7479 | D:8      | 7479 ||| Stepping ~*~*~tactically~*~*~ (stealth).
  7479 | D:8      | Found a viscous altar of Jiyva.
  7480 | D:8      | 7480 ||| INVOKING Berserk.
  7483 | D:8      | Reached skill level 13 in Axes
  7490 | D:8      | 7490 ||| FLEEEEING.
  7494 | D:8      | 7494 ||| STAIRDANCE
  7596 | D:7      | 7596 ||| READING scroll labelled OMNEHI BYTONAM.
  7605 | D:8      | 7605 ||| INVOKING Berserk.
  7611 | D:8      | Reached skill level 3 in Dodging
  7850 | D:8      | Found a transporter.
  7852 | D:8      | Noticed qw's ghost (journeyman FoCA)
  7861 | D:8      | 7861 ||| Stepping ~*~*~tactically~*~*~ (hiding).
  7862 | D:8      | 7862 ||| Stepping ~*~*~tactically~*~*~ (hiding).
  7863 | D:8      | 7863 ||| Stepping ~*~*~tactically~*~*~ (hiding).
  7864 | D:8      | 7864 ||| Stepping ~*~*~tactically~*~*~ (hiding).
  7865 | D:8      | 7865 ||| Stepping ~*~*~tactically~*~*~ (hiding).
  7880 | D:8      | Reached skill level 3 in Throwing
  7942 | D:8      | Found a transporter.
  8057 | D:8      | 8057 ||| READING scroll of enchant weapon.
  8057 | D:8      | 8057 ||| ENCHANTING +0 broad axe.
  8088 | D:8      | 8088 ||| Stepping ~*~*~tactically~*~*~ (stealth).
  8107 | D:8      | Reached skill level 14 in Axes
  8548 | D:9      | 8548 ||| DRINKING potion of curing.
  8548 | D:9      | 8548 ||| (to cure confusion)
  8551 | D:9      | 8551 ||| INVOKING Berserk.
  8628 | D:9      | Found Jyteoc's Antique Weapon Shop.
  8637 | D:9      | 8637 ||| BUYING glowing war axe (214 gold).
  8637 | D:9      | Bought a glowing war axe for 214 gold pieces
  8637 | D:9      | 8637 ||| DROPPING +2 war axe of venom.
  8646 | D:9      | Noticed a two-headed ogre
  8649 | D:9      | 8649 ||| INVOKING Berserk.
  8655 | D:9      | Killed a two-headed ogre
  8656 | D:9      | Reached skill level 15 in Axes
  8656 | D:9      | Reached XP level 10. HP: 88/88 MP: 9/9
  8788 | D:9      | 8788 ||| Stepping ~*~*~tactically~*~*~ (stealth).
  8878 | D:9      | Noticed a two-headed ogre
  8879 | D:9      | Noticed a two-headed ogre
  8883 | D:9      | 8883 ||| INVOKING Berserk.
  8889 | D:9      | Killed a two-headed ogre
  8890 | D:9      | Reached skill level 9 in Fighting
  8892 | D:9      | Killed a two-headed ogre
  9158 | D:9      | 9158 ||| DRINKING 2 fuming dark potions.
  9159 | D:9      | 9159 ||| READING 3 scrolls of identify.
  9159 | D:9      | 9159 ||| IDENTIFYING viscous dark potion
  9160 | D:9      | 9160 ||| READING 2 scrolls of identify.
  9160 | D:9      | 9160 ||| IDENTIFYING fuming white potion
  9161 | D:9      | 9161 ||| DROPPING potion of degeneration.
  9186 | D:10     | Entered Level 10 of the Dungeon
  9187 | D:10     | Noticed a two-headed ogre
  9193 | D:10     | 9193 ||| INVOKING Berserk.
  9195 | D:10     | Killed a two-headed ogre
  9196 | D:10     | Reached skill level 16 in Axes
  9201 | D:10     | 9201 ||| STAIRDANCE
  9334 | D:10     | Found Nymmot's Jewellery Emporium.
  9342 | D:10     | 9342 ||| SHOPLISTING amulet of the acrobat (510 gold, have
                  | 144).
  9342 | D:10     | 9342 ||| SHOPLISTING ring of positive energy (340 gold,
                  | have 144).
  9342 | D:10     | 9342 ||| SHOPLISTING ring of protection from fire (425
                  | gold, have 144).
  9342 | D:10     | 9342 ||| SHOPLISTING ring of see invisible (255 gold, have
                  | 144).
  9342 | D:10     | 9342 ||| SHOPLISTING ring of willpower (425 gold, have
                  | 144).
  9347 | D:10     | Noticed Snorg
  9349 | D:10     | 9349 ||| INVOKING Berserk.
  9357 | D:10     | Killed Snorg
  9361 | D:10     | HP: 25/136 [troll (14)]
  9727 | D:10     | Reached XP level 11. HP: 91/97 MP: 10/10
  9752 | D:10     | Found a hazy altar of Hepliaklqana.
  9798 | D:10     | 9798 ||| FLEEEEING.
  9799 | D:10     | 9799 ||| FLEEEEING.
  9800 | D:10     | 9800 ||| FLEEEEING.
  9801 | D:10     | 9801 ||| FLEEEEING.
  9802 | D:10     | 9802 ||| FLEEEEING.
  9871 | D:10     | Found a stormy altar of Qazlal.
  9891 | D:10     | Found a shimmering altar of Xom.
  9891 | D:10     | Found a shimmering altar of Xom.
  9891 | D:10     | Found a shimmering altar of Xom.
  9892 | D:10     | Found a shimmering altar of Xom.
  9893 | D:10     | Found a shimmering altar of Xom.
  9895 | D:10     | Found a shimmering altar of Xom.
  9908 | D:10     | Noticed a deep troll
  9909 | D:10     | Noticed a deep troll
  9909 | D:10     | Noticed a deep troll
  9910 | D:10     | 9910 ||| Stepping ~*~*~tactically~*~*~ (stealth).
  9912 | D:10     | 9912 ||| INVOKING Berserk.
  9912 | D:10     | Noticed a deep troll
  9915 | D:10     | Killed a deep troll
  9916 | D:10     | Reached skill level 17 in Axes
  9919 | D:10     | Killed a deep troll
  9923 | D:10     | Killed a deep troll
  9925 | D:10     | Killed a deep troll
 10133 | D:10     | Found the necklace of Bloodlust {*Rage Will++ Int-3 Slay+6}
 10356 | D:10     | Noticed Grum
 10365 | D:10     | 10365 ||| INVOKING Berserk.
 10370 | D:10     | Killed Grum
 10446 | D:10     | 10446 ||| DRINKING potion of curing.
 10446 | D:10     | 10446 ||| (to cure confusion)
 10447 | D:10     | 10447 ||| INVOKING Berserk.
 10664 | D:10     | 10664 ||| UPGRADING to +0 buckler.
 10669 | D:10     | 10669 ||| DRINKING 3 fuming coppery potions.
 10670 | D:10     | 10670 ||| DROPPING 2 potions of invisibility.
 10715 | D:11     | 10715 ||| STAIRDANCE
 10720 | D:10     | Reached skill level 1 in Shields
 10721 | D:11     | Noticed a green ugly thing
 10722 | D:11     | 10722 ||| STAIRDANCE
 10749 | D:11     | 10749 ||| STAIRDANCE
 10758 | D:10     | Killed a green ugly thing
 10759 | D:10     | Reached skill level 3 in Shields
 10823 | D:11     | 10823 ||| STAIRDANCE
 10828 | D:11     | 10828 ||| STAIRDANCE
 10836 | D:11     | 10836 ||| STAIRDANCE
 10847 | D:11     | 10847 ||| STAIRDANCE
 10908 | D:11     | Found a staircase to the Lair.
 10937 | D:11     | 10937 ||| Stepping ~*~*~tactically~*~*~ (hiding).
 10954 | D:11     | 10954 ||| INVOKING Berserk.
 11087 | D:11     | Reached skill level 6 in Shields
 11139 | D:11     | 11139 ||| INVOKING Berserk.
 11356 | D:11     | Noticed a vampire mage
 11373 | D:11     | 11373 ||| INVOKING Berserk.
 11373 | D:11     | HP: 18/135 [something (23)]
 11378 | D:11     | Killed a vampire mage
 11747 | D:11     | Noticed Erolcha
 11748 | D:11     | 11748 ||| Stepping ~*~*~tactically~*~*~ (hiding).
 11750 | D:11     | 11750 ||| INVOKING Trog's Hand.
 11771 | D:11     | Killed Erolcha
 11772 | D:11     | Reached skill level 18 in Axes
 11891 | D:11     | Reached skill level 6 in Armour
 12041 | D:11     | Noticed a boulder beetle
 12050 | D:11     | 12050 ||| INVOKING Berserk.
 12054 | D:11     | Killed a boulder beetle
 12204 | D:11     | 12204 ||| Stepping ~*~*~tactically~*~*~ (stealth).
 12205 | D:11     | 12205 ||| Stepping ~*~*~tactically~*~*~ (stealth).
 12207 | D:11     | 12207 ||| Stepping ~*~*~tactically~*~*~ (stealth).
 12222 | D:11     | Reached XP level 12. HP: 81/107 MP: 11/11
 12471 | D:11     | 12471 ||| PLANNING LAIR
 12471 | D:11     | 12471 ||| UPGRADING to +1 kite shield of protection.
 12481 | D:11     | 12481 ||| DROPPING +0 buckler.
 12482 | D:11     | 12482 ||| READING scroll labelled RODAHU TYEVYID.
 12483 | D:11     | 12483 ||| DRINKING 3 lumpy white potions.
 12510 | D:11     | 12510 ||| DRINKING 2 fuming ruby potions.
 12511 | D:11     | 12511 ||| READING 10 scrolls of identify.
 12511 | D:11     | 12511 ||| IDENTIFYING ruby potion
 12512 | D:11     | 12512 ||| READING 9 scrolls of identify.
 12512 | D:11     | 12512 ||| IDENTIFYING bubbling sapphire potion
 12513 | D:11     | 12513 ||| READING 8 scrolls of identify.
 12513 | D:11     | 12513 ||| IDENTIFYING cyan potion
 12514 | D:11     | 12514 ||| READING 7 scrolls of identify.
 12514 | D:11     | 12514 ||| IDENTIFYING pink potion
 12515 | D:11     | 12515 ||| READING 6 scrolls of identify.
 12515 | D:11     | 12515 ||| IDENTIFYING bubbling cyan potion
 12516 | D:11     | 12516 ||| DROPPING potion of ambrosia.
 12517 | D:11     | 12517 ||| DROPPING potion of berserk rage.
 12518 | D:11     | 12518 ||| DROPPING 2 potions of lignification.
 12519 | D:11     | 12519 ||| DROPPING potion of brilliance.
 12520 | D:11     | 12520 ||| DROPPING potion of magic.
 12521 | D:11     | 12521 ||| DROPPING potion of flight.
 12569 | Lair:1   | Entered Level 1 of the Lair of Beasts
 12593 | Lair:1   | 12593 ||| INVOKING Berserk.
 12664 | Lair:1   | 12664 ||| Stepping ~*~*~tactically~*~*~ (stealth).
 12959 | Lair:1   | You fall into a shaft and drop 1 floor!
 12978 | Lair:2   | 12978 ||| Stepping ~*~*~tactically~*~*~ (stealth).
 13019 | Lair:2   | 13019 ||| Stepping ~*~*~tactically~*~*~ (stealth).
 13023 | Lair:2   | 13023 ||| Stepping ~*~*~tactically~*~*~ (stealth).
 13061 | Lair:2   | Reached skill level 9 in Shields
 13095 | Lair:2   | 13095 ||| Stepping ~*~*~tactically~*~*~ (hiding).
 13285 | Lair:2   | Noticed a five-headed hydra
 13286 | Lair:2   | 13286 ||| INVOKING Brothers in Arms.
 13288 | Lair:2   | 13288 ||| SWAPPING to +0 morningstar.
 13289 | Lair:2   | 13289 ||| INVOKING Berserk.
 13291 | Lair:2   | Killed a five-headed hydra
 13296 | Lair:2   | 13296 ||| SWAPPING to +1 broad axe.
 13476 | Lair:2   | Noticed a death yak
 13477 | Lair:2   | 13477 ||| Stepping ~*~*~tactically~*~*~ (stealth).
 13478 | Lair:2   | Noticed a death yak
 13478 | Lair:2   | Noticed a death yak
 13478 | Lair:2   | Noticed a death yak
 13478 | Lair:2   | Noticed a death yak
 13479 | Lair:2   | Noticed a death yak
 13483 | Lair:2   | 13483 ||| INVOKING Berserk.
 13487 | Lair:2   | Killed a death yak
 13494 | Lair:2   | Killed a death yak
 13496 | Lair:2   | Killed a death yak
 13497 | Lair:2   | Killed a death yak
 13505 | Lair:2   | Killed a death yak
 13514 | Lair:2   | Killed a death yak
 13722 | Lair:2   | 13722 ||| READING 3 scrolls labelled XOMULI IC QOOR.
 13823 | Lair:2   | 13823 ||| READING scroll labelled XIT MIFOTO.
 13824 | Lair:2   | 13824 ||| READING 6 scrolls of identify.
 13824 | Lair:2   | 13824 ||| IDENTIFYING dark potion
 13825 | Lair:2   | 13825 ||| DROPPING 2 scrolls of silence.
 13874 | Lair:1   | 13874 ||| Stepping ~*~*~tactically~*~*~ (stealth).
 13876 | Lair:1   | 13876 ||| Stepping ~*~*~tactically~*~*~ (stealth).
 13878 | Lair:1   | 13878 ||| Stepping ~*~*~tactically~*~*~ (stealth).
 13889 | Lair:1   | Reached skill level 12 in Shields
 14089 | Lair:1   | Found a runed translucent gate.
 14089 | Lair:1   | Found a runed translucent gate.
 14089 | Lair:1   | Found a runed translucent gate.
 14092 | Lair:1   | Noticed qw's ghost (journeyman TrCA)
 14990 | Lair:3   | 14990 ||| FLEEEEING.
 14991 | Lair:3   | 14991 ||| FLEEEEING.
 15001 | Lair:3   | 15001 ||| INVOKING Berserk.
 15233 | Lair:3   | 15233 ||| Stepping ~*~*~tactically~*~*~ (stealth).
 15243 | Lair:3   | 15243 ||| INVOKING Berserk.
 15479 | Lair:3   | Found a frozen archway.
 15521 | Lair:3   | Reached skill level 12 in Fighting
 15729 | Lair:3   | Reached XP level 13. HP: 118/118 MP: 12/12
 15730 | Lair:3   | Found a transporter.
 15734 | Lair:3   | Found a transporter.
 15754 | Lair:3   | Found a staircase to the Snake Pit.
 15757 | Lair:3   | 15757 ||| Stepping ~*~*~tactically~*~*~ (stealth).
 15939 | Lair:3   | Found a staircase to the Swamp.
 15940 | Lair:3   | 15940 ||| INVOKING Brothers in Arms.
 15941 | Lair:3   | 15941 ||| INVOKING Brothers in Arms.
 15942 | Lair:3   | 15942 ||| SWAPPING to +0 morningstar.
 15944 | Lair:3   | 15944 ||| INVOKING Berserk.
 15985 | Lair:3   | 15985 ||| SWAPPING to +1 broad axe.
 16231 | Lair:3   | Noticed qw's ghost (journeyman TrCA)
 16245 | Lair:3   | 16245 ||| DROPPING +1 flail of protection.
 16471 | Lair:3   | 16471 ||| UPGRADING to amulet of guardian spirit.
 16476 | Lair:3   | 16476 ||| DROPPING ring of magical power.
 16477 | Lair:3   | 16477 ||| UPGRADING to ring of protection from fire.
 17295 | Lair:4   | 17295 ||| INVOKING Berserk.
 17523 | Lair:5   | Entered Level 5 of the Lair of Beasts
 17524 | Lair:5   | 17524 ||| INVOKING Berserk.
 17540 | Lair:5   | Reached skill level 6 in Dodging
 17540 | Lair:5   | 17540 ||| FLEEEEING.
 17541 | Lair:5   | 17541 ||| FLEEEEING.
 17542 | Lair:5   | 17542 ||| STAIRDANCE
 17610 | Lair:5   | 17610 ||| INVOKING Berserk.
 17618 | Lair:5   | Reached ***** piety under Trog
 17627 | Lair:5   | 17627 ||| DRINKING potion of cancellation.
 17641 | Lair:5   | 17641 ||| INVOKING Brothers in Arms.
 17750 | Lair:5   | 17750 ||| FLEEEEING.
 17751 | Lair:5   | 17751 ||| FLEEEEING.
 17752 | Lair:5   | 17752 ||| FLEEEEING.
 17753 | Lair:5   | 17753 ||| FLEEEEING.
 17754 | Lair:5   | 17754 ||| STAIRDANCE
 17992 | Lair:5   | 17992 ||| INVOKING Berserk.
 18307 | Lair:5   | 18307 ||| Stepping ~*~*~tactically~*~*~ (stealth).
 18309 | Lair:5   | 18309 ||| Stepping ~*~*~tactically~*~*~ (stealth).
 18310 | Lair:5   | 18310 ||| INVOKING Brothers in Arms.
 18312 | Lair:5   | 18312 ||| INVOKING Berserk.
 18317 | Lair:5   | Reached skill level 9 in Armour
 18446 | Lair:5   | Found a viscous altar of Jiyva.
 18446 | Lair:5   | Found a staircase to the Slime Pits.
 18451 | Lair:5   | 18451 ||| Stepping ~*~*~tactically~*~*~ (stealth).
 18453 | Lair:5   | 18453 ||| INVOKING Berserk.
 18463 | Lair:5   | 18463 ||| INVOKING Brothers in Arms.
 18642 | Lair:5   | 18642 ||| Stepping ~*~*~tactically~*~*~ (stealth).
 18645 | Lair:5   | 18645 ||| Stepping ~*~*~tactically~*~*~ (stealth).
 18646 | Lair:5   | 18646 ||| Stepping ~*~*~tactically~*~*~ (stealth).
 18647 | Lair:5   | 18647 ||| Stepping ~*~*~tactically~*~*~ (stealth).
 18648 | Lair:5   | 18648 ||| INVOKING Berserk.
 18651 | Lair:5   | Reached XP level 14. HP: 133/133 MP: 11/13
 18837 | Lair:5   | 18837 ||| Stepping ~*~*~tactically~*~*~ (hiding).
 18838 | Lair:5   | 18838 ||| INVOKING Berserk.
 18857 | Lair:5   | 18857 ||| Stepping ~*~*~tactically~*~*~ (cloud).
 18863 | Lair:5   | Reached skill level 15 in Fighting
 19074 | Lair:5   | 19074 ||| INVOKING Berserk.
 19316 | Lair:5   | Identified the +8 hand axe of Plague {freeze, rN+ rCorr}
 19513 | Lair:5   | 19513 ||| PLANNING D
 19513 | Lair:5   | 19513 ||| READING scroll labelled FOQEEFUFUL.
 19514 | Lair:5   | 19514 ||| READING scroll labelled EKANURPHOGEA.
 19673 | D:12     | 19673 ||| READING scroll of enchant armour.
 19673 | D:12     | 19673 ||| ENCHANTING +0 pair of boots.
 19785 | D:12     | 19785 ||| Stepping ~*~*~tactically~*~*~ (stealth).
 19791 | D:12     | 19791 ||| Stepping ~*~*~tactically~*~*~ (stealth).
 19795 | D:12     | 19795 ||| INVOKING Berserk.
 19816 | D:12     | 19816 ||| INVOKING Brothers in Arms.
 19818 | D:12     | 19818 ||| SWAPPING to +0 morningstar.
 19820 | D:12     | 19820 ||| INVOKING Brothers in Arms.
 19821 | D:12     | 19821 ||| INVOKING Brothers in Arms.
 19823 | D:12     | 19823 ||| SWAPPING to +1 broad axe.
 19863 | D:12     | 19863 ||| FLEEEEING.
 20095 | D:12     | 20095 ||| Stepping ~*~*~tactically~*~*~ (stealth).
 20096 | D:12     | 20096 ||| Stepping ~*~*~tactically~*~*~ (stealth).
 20098 | D:12     | 20098 ||| Stepping ~*~*~tactically~*~*~ (hiding).
 20101 | D:12     | 20101 ||| Stepping ~*~*~tactically~*~*~ (hiding).
 20111 | D:12     | Reached skill level 15 in Shields
 20150 | D:12     | Found a staircase to the Orcish Mines.
 20472 | D:12     | 20472 ||| Stepping ~*~*~tactically~*~*~ (hiding).
 20477 | D:12     | 20477 ||| INVOKING Brothers in Arms.
 20478 | D:12     | 20478 ||| INVOKING Brothers in Arms.
 20479 | D:12     | 20479 ||| SWAPPING to +0 morningstar.
 20480 | D:12     | 20480 ||| Stepping ~*~*~tactically~*~*~ (outnumbered).
 20482 | D:12     | 20482 ||| INVOKING Berserk.
 20500 | D:12     | 20500 ||| SWAPPING to +1 broad axe.
 20524 | D:12     | HP: 32/136 [centaur warrior/staff of air (4)]
 20525 | D:12     | 20525 ||| READING 11 scrolls of teleportation.
 20526 | D:12     | 20526 ||| DRINKING 2 potions of heal wounds.
 20536 | D:12     | HP: 15/137 [cyclops (24)]
 20537 | D:12     | 20537 ||| READING 10 scrolls of teleportation.
 20538 | D:12     | 20538 ||| DRINKING potion of heal wounds.
 20539 | D:12     | 20539 ||| INVOKING Berserk.
 20874 | D:12     | 20874 ||| Stepping ~*~*~tactically~*~*~ (stealth).
 20875 | D:12     | 20875 ||| Stepping ~*~*~tactically~*~*~ (stealth).
 20876 | D:12     | 20876 ||| Stepping ~*~*~tactically~*~*~ (stealth).
 20913 | D:12     | 20913 ||| INVOKING Berserk.
 21047 | D:12     | 21047 ||| Stepping ~*~*~tactically~*~*~ (stealth).
 21051 | D:12     | 21051 ||| Stepping ~*~*~tactically~*~*~ (stealth).
 21053 | D:12     | 21053 ||| Stepping ~*~*~tactically~*~*~ (stealth).
 21055 | D:12     | 21055 ||| Stepping ~*~*~tactically~*~*~ (hiding).
 21145 | D:12     | 21145 ||| Stepping ~*~*~tactically~*~*~ (stealth).
 21153 | D:12     | 21153 ||| INVOKING Berserk.
 21356 | D:12     | 21356 ||| INVOKING Berserk.
 21590 | D:12     | Noticed Jorgrun
 21596 | D:12     | 21596 ||| INVOKING Berserk.
 21603 | D:12     | Killed Jorgrun
 21843 | D:12     | 21843 ||| DROPPING ring of resist corrosion.
 21856 | D:13     | 21856 ||| STAIRDANCE
 21910 | D:13     | 21910 ||| Stepping ~*~*~tactically~*~*~ (stealth).
 21913 | D:13     | 21913 ||| STAIRDANCE
 21979 | D:13     | 21979 ||| STAIRDANCE
 22107 | D:13     | 22107 ||| Stepping ~*~*~tactically~*~*~ (hiding).
 22163 | D:13     | 22163 ||| Stepping ~*~*~tactically~*~*~ (hiding).
 22164 | D:13     | 22164 ||| Stepping ~*~*~tactically~*~*~ (hiding).
 22168 | D:13     | 22168 ||| INVOKING Brothers in Arms.
 22196 | D:13     | Found a gate to the Vaults.
 22211 | D:13     | 22211 ||| Stepping ~*~*~tactically~*~*~ (hiding).
 22409 | D:13     | 22409 ||| Stepping ~*~*~tactically~*~*~ (stealth).
 22411 | D:13     | 22411 ||| INVOKING Berserk.
 22544 | D:13     | 22544 ||| INVOKING Berserk.
 22662 | D:13     | 22662 ||| INVOKING Berserk.
 22823 | D:13     | 22823 ||| Stepping ~*~*~tactically~*~*~ (stealth).
 22869 | D:13     | 22869 ||| Stepping ~*~*~tactically~*~*~ (stealth).
 23013 | D:14     | Noticed Lodul
 23021 | D:14     | 23021 ||| INVOKING Berserk.
 23030 | D:14     | Killed Lodul
 23292 | D:14     | 23292 ||| Stepping ~*~*~tactically~*~*~ (stealth).
 23377 | D:14     | 23377 ||| Stepping ~*~*~tactically~*~*~ (hiding).
 23383 | D:14     | Reached XP level 15. HP: 147/147 MP: 14/14
 23499 | D:14     | 23499 ||| INVOKING Berserk.
 23522 | D:14     | HP: 29/147 [harpy (shapeshifter) (10)]
 23523 | D:14     | 23523 ||| READING 10 scrolls of teleportation.
 23524 | D:14     | 23524 ||| SWAPPING to +0 morningstar.
 23525 | D:14     | HP: 13/147 [five-headed hydra (5)]
 23527 | D:14     | 23527 ||| SWAPPING to +1 broad axe.
 23529 | D:14     | 23529 ||| READING 9 scrolls of teleportation.
 23530 | D:14     | 23530 ||| SWAPPING to +0 morningstar.
 23530 | D:14     | HP: 9/147 [eight-headed hydra (6)]
 23531 | D:14     | HP: 2/147 [eight-headed hydra (5)]
 23533 | D:14     | 23533 ||| READING 8 scrolls of teleportation.
 23534 | D:14     | 23534 ||| SWAPPING to +1 broad axe.
 23537 | D:14     | 23537 ||| READING 7 scrolls of teleportation.
 23538 | D:14     | HP: 3/147 [harpy (shapeshifter) (1)]
 23538 | D:14     | Slain by a harpy (shapeshifter)

Levels and vault maps discovered:
D:1:      lemuel_arrival_room, layout_basic, serial_shops,
          nicolae_lakefront_shop, hellmonk_ecumenical_altar_pennies_from_heaven,
          grunt_decor_resistance, nicolae_figureground_pulse
D:2:      layout_rooms
D:3:      layout_loops_ring, minmay_strange_pillars, uniq_robin, uniq_natasha
D:4:      layout_basic, mainiacjoe_overflow_boulevard, gup_sewer_entry_pipe
D:5:      layout_loops_ring, hex_large, uniq_ijyb, uniq_crazy_yiuf_cottage
D:6:      layout_loops_ring, old_standard_altar,
          amethyst_overflow_temple_binary, temple_statues
D:7:      layout_loops_ring, uniq_maggie, uniq_menkaure
D:8:      layout_basic, nicolae_ashenzari_panopticon,
          gammafunk_ghost_stat_death, serial_shops, shop,
          hangedman_abyss_or_decor_jellyfish_corner, dk_vineyard_2,
          jiyva_altar_1
D:9:      layout_roguey, serial_shops, nicolae_shop_statue_plus,
          minmay_microvault
D:10:     layout_roguey, grunt_qazlal_sundering, xom_redecorated,
          marbit_many_paths, serial_shops, shop_fountains,
          hangedman_decor_growths, hellmonk_guarded_unrand_vitality_bloodlust,
          uniq_snorg, uniq_grum
D:11:     layout_basic, minmay_lair_entry_grove, minmay_librarian, uniq_erolcha
D:12:     cheibrodos_ideogram_h, layout_cave_pods, erik_orc_1, uniq_jorgrun
D:13:     layout_rooms, david_vaults_4
D:14:     layout_long_grid, serial_shops, shop, nicolae_shop_stone,
          nicolae_shop_trees, hangedman_tell_no_tales, uniq_kirke, uniq_lodul
Lair:1:   layout_roguey, gammafunk_ghost_necromancy, minmay_stone_trees_medium
Lair:2:   layout_concentric_octagons, beast_lair_carwin_3
Lair:3:   layout_chaotic_city, swamp_mist_pool,
          minmay_snake_entry_guardpost_small, nzn_ghost_randoct,
          portal_ice_cave_entry_ice_simulacra, serial_bayou_shore_a,
          lemuel_fruit_tree
Lair:4:   layout_roguey, special_room [special_room_bee], grunt_megastairs_3,
          serial_bayou_shore_b
Lair:5:   grunt_lair_end_beastmaster, layout_long_grid,
          dpeg_slime_entry_enclosed

Skill      XL: |  1  2  3  4  5  6  7  8  9 10 11 12 13 14 15 |
---------------+----------------------------------------------+-----
Axes           | 4 5 6 8 9 10 12 15 16 18 | 18.0
Throwing       | 1 2 3 4 |  4.4
Fighting       | 4 5 7 8 9 10 12 14 17 | 17.0
Armour         | 4 5 6 7 9 10 | 10.0
Dodging        | 3 4 5 6 8 |  8.4
Shields        | 7 12 14 15 16 | 16.0

Action                   |  1- 3 |  4- 6 |  7- 9 | 10-12 | 13-15 || total
-------------------------+-------+-------+-------+-------+-------++-------
Melee: Hand axe          |    80 |    80 |   121 |       |       ||   281
       Headbutt          |    13 |    12 |    55 |    74 |   138 ||   292
       Punch             |     1 |       |     2 |       |       ||     3
       War axe           |       |       |    94 |       |       ||    94
       Broad axe         |       |       |    58 |   400 |   582 ||  1040
       Morningstar       |       |       |       |     2 |    28 ||    30
Throw: Javelin           |     3 |    21 |    54 |    17 |       ||    95
       Boomerang         |       |       |     5 |    48 |    95 ||   148
Invok: Berserk           |     3 |     6 |    11 |    15 |    22 ||    57
       Trog's Hand       |       |       |       |     1 |       ||     1
       Brothers in Arms  |       |       |       |     1 |     8 ||     9
  Use: Scroll            |     4 |     1 |     7 |    11 |     9 ||    32
       Potion            |       |       |     2 |     5 |     3 ||    10
 Stab: Petrified         |       |       |       |       |     3 ||     3
       Confused          |       |       |       |       |     1 ||     1
Armor: Animal skin       |     2 |       |       |       |       ||     2
       Chain mail        |     8 |    37 |    46 |       |       ||    91
       Scale mail        |       |       |    45 |   102 |   238 ||   385
Dodge: Dodged            |    39 |    33 |   110 |   172 |   284 ||   638
Block: Buckler           |       |       |       |    19 |       ||    19
       Kite shield       |       |       |       |    69 |   330 ||   399

Table legend:
 A = Non-vault XP
 B = Vault XP
 C = Vault XP percentage of total XP
 D = Non-vault monster count
 E = Vault monster count
 F = Vault count percentage of total count
                 A         B        C        D         E       F
            +---------+---------+-------+---------+---------+-------
      Total |   67417 |   40069 |  37.3 |     383 |     171 |  30.9
            +---------+---------+-------+---------+---------+-------
        D:1 |      38 |       0 |   0.0 |      24 |       0 |   0.0
        D:2 |      56 |       0 |   0.0 |      16 |       0 |   0.0
        D:3 |     157 |      71 |  31.1 |      22 |      14 |  38.9
        D:4 |     662 |      14 |   2.1 |      28 |       7 |  20.0
        D:5 |     447 |      36 |   7.5 |      25 |       1 |   3.8
        D:6 |     826 |       0 |   0.0 |      21 |       0 |   0.0
        D:7 |     443 |     551 |  55.4 |      19 |       2 |   9.5
        D:8 |    1748 |     170 |   8.9 |      23 |       4 |  14.8
        D:9 |    3381 |     196 |   5.5 |      15 |       1 |   6.2
       D:10 |    1735 |    6437 |  78.8 |       9 |      21 |  70.0
       D:11 |    3277 |    1935 |  37.1 |      19 |       4 |  17.4
       D:12 |    6798 |   13400 |  66.3 |      16 |      42 |  72.4
       D:13 |    5210 |    1269 |  19.6 |      10 |       3 |  23.1
       D:14 |    6620 |    2267 |  25.5 |       9 |      15 |  62.5
     Lair:1 |    3967 |       0 |   0.0 |      22 |       0 |   0.0
     Lair:2 |    8033 |     518 |   6.1 |      21 |       4 |  16.0
     Lair:3 |    5046 |     986 |  16.3 |      23 |       7 |  23.3
     Lair:4 |    2693 |    2862 |  51.5 |      11 |      26 |  70.3
     Lair:5 |   16280 |    9357 |  36.5 |      50 |      20 |  28.6
            +---------+---------+-------+---------+---------+-------
